 Dungeon Crawl Stone Soup version 0.27.1-33-g824d729ab1 (webtiles) character file.

Game seed: 8700819172155222468

0 Cheops the Skirmisher (level 1, -7/18 HPs)
             Began as a Formicid Abyssal Knight on Dec 17, 2021.
             Was a Follower of Lugonu.
             Mangled by a small abomination (15 damage)
             ... on level 2 of the Abyss.
             The game lasted 00:00:36 (87 turns).

Cheops the Skirmisher (Formicid Abyssal Knight)       Turns: 87, Time: 00:00:37

Health: -7/18      AC:  3    Str: 16    XL:     1   Next: 0%
Magic:  2/2        EV: 11    Int: 11    God:    Lugonu [*.....]
Gold:   0          SH:  0    Dex: 10    Spells: 0/0 levels left

rFire    . . .     SeeInvis +   a - +1 spear
rCold    . . .     Faith    .   (no shield)
rNeg     . . .     Spirit   .   b - +0 leather armour
rPois    .         Reflect  .   (helmet unavailable)
rElec    .         Harm     .   (no cloak)
rCorr    .         Rampage  .   (no gloves)
Will     .....                  (no boots)
Stlth    +.........             (no amulet)
HPRegen  0.06/turn              (no ring)
MPRegen  0.08/turn              (no ring)

@: no status effects
A: permanent stasis, dig shafts and tunnels, antennae 3, four strong arms
a: Dig, Shaft Self, Renounce Religion, Depart the Abyss


You were on level 2 of the Abyss.
You worshipped Lugonu.
Lugonu was aware of your devotion.
You visited 0 branches of the dungeon, and saw 0 of its levels.
You visited the Abyss 1 time.

Inventory:

Hand Weapons
 a - a +1 spear (weapon)
Armour
 b - a +0 leather armour (worn)


   Skills:
 + Level 3.2 Fighting
 + Level 2.0 Polearms
 + Level 2.1 Armour
 + Level 0.8 Dodging
 + Level 2.1 Invocations


You couldn't memorise any spells.
You didn't know any spells.
Your spell library was empty.

Dungeon Overview and Level Annotations

Branches:
Dungeon (0/15)

Altars:


Innate Abilities, Weirdness & Mutations

You cannot be hasted, slowed, berserked, paralysed or teleported.
You can dig through walls and to a lower floor.
You have a pair of large antennae on your head. (SInv)
Your four strong arms can wield two-handed weapons with a shield.


Message History

Found a corrupted altar of Lugonu.
You extend your mandibles.
You dig through the rock wall.
You retract your mandibles.
You extend your mandibles.
You dig through the rock wall.
You retract your mandibles.
You extend your mandibles.
You dig through the rock wall.
You dig through the rock wall.
You retract your mandibles.
You extend your mandibles.
You dig through the rock wall.
You dig through the rock wall.
A small abomination comes into view.
You retract your mandibles.
Found a snail-covered altar of Cheibriados.
Found a gateway leading deeper into the Abyss.
A lich comes into view.
The lich shouts!
The lich gestures wildly while chanting.
The lich seems to speed up.
A thrashing horror comes into view.
There is a gateway leading deeper into the Abyss here.
You plunge deeper into the Abyss.
Beware, you cannot shaft yourself on this level.
Found 35 gold pieces and an emerald potion.
The white draconian shifter gestures at you while chanting.
The small abomination blinks!
Tentacles burst from the starspawn's body! 2 starspawn tentacles come into view.
The flying skull misses you. x2
The flying skull completely misses you. The flying skull hits you!
Ouch! That really hurt!
* * * LOW HITPOINT WARNING * * *
Found a scroll labelled ICOHONW LUMADGH.
The small abomination hits you!
Ouch! That really hurt!
You die...

#...........!
.......$q..# #
#.......##..
..# .#.3X......
...#.#..#.###.
#.≈#.≈#..##.
##...≈......
#.#xz......
...#@.......
#.#.?...#.....
....#..........
..#.....≈......
...##..######
..### .##. . #
#


You could see a white draconian shifter, a tentacled starspawn, a neqoxec, a
small abomination and a flying skull.

Vanquished Creatures (others)
  2 starspawn tentacles (Abyss:2)
2 creatures vanquished.

Notes
Turn   | Place    | Note
-------+----------+-------------------------------------------
     0 | Abyss:1  | Cheops the Formicid Abyssal Knight began the quest for the
                  | Orb.
     0 | Abyss:1  | Reached XP level 1. HP: 18/18 MP: 2/2
    74 | Abyss:1  | Noticed a small abomination
    75 | Abyss:1  | Found a snail-covered altar of Cheibriados.
    76 | Abyss:1  | Noticed a lich
    76 | Abyss:1  | Noticed a thrashing horror
    82 | Abyss:2  | Noticed a small abomination
    82 | Abyss:2  | Noticed a white draconian shifter
    82 | Abyss:2  | Noticed a neqoxec
    82 | Abyss:2  | Noticed a tentacled starspawn
    84 | Abyss:2  | Noticed a flying skull
    87 | Abyss:2  | Mangled by a small abomination

Illustrated notes

Levels and vault maps discovered:
Abyss:2:  base: Temple, evilmike_abyss_exit_6,
          hangedman_abyss_or_decor_lesser_grid

Action                   || total
-------------------------++-------
 Abil: Dig               ||     4
Dodge: Dodged            ||     3
